 Dungeon Sprint DCSS version 0.21.2 (webtiles) character file.

3489 Fang the Cleaver (level 10, -9/108 HPs)
             Began as a Gargoyle Berserker on Oct 29, 2018.
             Was the Champion of Trog.
             Mangled by a shadow (26 damage)
             ... in the Dungeon (Sprint VII: "The Pits").
             The game lasted 00:02:22 (1859 turns).

Fang the Cleaver (Gargoyle Berserker)               Turns: 1859, Time: 00:02:22

Health: -9/108     AC: 19    Str: 30    XL:     10   Next: 7%
Magic:  10/10      EV: 17    Int: 10    God:    Trog [******]
Gold:   0          SH:  0    Dex:  9    Spells: 9/9 levels left

rFire    . . .     SeeInvis .   j - +4 battleaxe (freeze)
rCold    . . .     Gourm    .   (shield currently unavailable)
rNeg     + . .     Faith    .   b - +5 ring mail
rPois    ∞         Spirit   .   (no helmet)
rElec    +         Reflect  .   (no cloak)
rCorr    .         Harm     .   (no gloves)
MR       .....     NoTele   +   (no boots)
Stlth    ..........             (no amulet)
HPRegen  0.28/turn              n - +3 ring of intelligence
MPRegen  0.12/turn              r - +3 ring of evasion

@: berserking, very quick
A: negative energy resistance 1, electricity resistance, unbreathing,
petrification resistance, rot immunity, AC +7
a: Berserk, Trog's Hand, Brothers in Arms, Burn Spellbooks, Renounce Religion


You were in the Dungeon.
You worshipped Trog.
Trog was exalted by your worship.
You were hungry.

You visited 1 branch

Inventory:

Hand Weapons
 j - a +4 battleaxe of freezing (weapon)
 t - a +1 broad axe of chopping
Armour
 b - a +5 ring mail (worn)
Jewellery
 n - a +3 ring of intelligence (left hand)
 r - a +3 ring of evasion (right hand)
Wands
 m - a wand of flame (19)
Scrolls
 i - a scroll of blinking
 k - 3 scrolls of remove curse
 l - a scroll of summoning
Potions
 a - 2 potions of invisibility
 d - 9 potions of curing
 e - 8 potions of heal wounds
 f - 2 potions of haste
 g - 4 potions of magic
 h - 3 potions of berserk rage
 q - 3 potions of might
 s - a potion of brilliance
Comestibles
 c - 8 rations


   Skills:
 + Level 12.4 Fighting
 + Level 14.5 Axes
 + Level 9.8 Armour
 + Level 6.4 Dodging
 + Level 3.2 Stealth


You had 9 spell levels left.
You didn't know any spells.

Dungeon Overview and Level Annotations

Branches:
Dungeon (1/1)

Altars:
Ashenzari
Cheibriados
Dithmenos
Elyvilon
Fedhas
Gozag
Hepliaklqana
Kikubaaqudgha
Makhleb
Nemelex Xobeh
Okawaru
Qazlal
Ru
Sif Muna
Trog
Uskayaw
Vehumet
Wu Jian
Xom
Yredelemnul
Zin
The Shining One
Beogh
Jiyva
Lugonu


Innate Abilities, Weirdness & Mutations

You are resistant to torment.
Your stone body is resilient. (AC +7)
You are immune to poison.
You resist negative energy. (rN+)
You are resistant to electric shocks. (rElec)
You can survive without breathing.
You are immune to petrification.
You are immune to rotting.


Message History

You slash the lindwurm! You freeze the lindwurm.
The lindwurm is severely wounded.
You barely miss the shadow.
The shadow slips into darkness.
The shadow flickers and vanishes!
Deactivating autopickup; reactivate with Ctrl-A.
The lindwurm bites you but does no damage.
The lindwurm claws you but does no damage. x2
You slash the lindwurm! You freeze the lindwurm.
The lindwurm is almost dead.
You slice something!!
Unknown command.
You hit the lindwurm. You freeze the lindwurm.
You feel the power of Trog in you as your rage grows.
You kill the lindwurm!
Trog accepts your kill.
You have reached level 10!
You barely miss something.
The shadow strikes at you from the darkness!
You die...

.........+
..#......#
.........#
##''###### ##''#####
###########
##......#
#.........#
##......# .......#
###....## ####{†.# #
##''## ###..'.@.+
###÷...###....##†##
##......#†)..##.F.#
##......'..).+.....+
##......#.)..##...##
###....###....##+##
# ##''## ###..+ #
#....# ####
##......#


You could see a spiny frog.

Vanquished Creatures
  A deep troll (D)
  A lindwurm (D)
  An elephant (D)
  A freezing wraith (D)
  Grinder (D)
  A bog body (D)
  A hippogriff (D)
  A shadow (D)
  An air elemental (D)
  A basilisk (D)
  A steam dragon (D)
  A warg (D)
  Menkaure (D)
  A porcupine (D)
  2 floating eyes (D)
  A necrophage (D)
  A centaur (D)
  A bullfrog (D)
  A gnoll sergeant (D)
  2 iron imps (D)
  Terence (D)
  A worker ant (D)
  An ooze (D)
  A worm (D)
  A giant cockroach (D)
  2 goblins (D)
  A hobgoblin (D)
  2 jackals (D)
  A quokka (D)
  3 ball pythons (D)
  A frilled lizard (D)
37 creatures vanquished.

Vanquished Creatures (others)
  A basilisk (D)
  3 gnolls (D)
4 creatures vanquished.

Grand Total: 41 creatures vanquished

Notes
Turn   | Place    | Note
-------+----------+-------------------------------------------
     0 | D        | Fang the Gargoyle Berserker began the quest for the Orb.
     0 | D        | Reached XP level 1. HP: 14/14 MP: 1/1
    15 | D        | Reached skill level 3 in Axes
   102 | D        | Found a bloodstained altar of Trog.
   102 | D        | Found a deep blue altar of Sif Muna.
   102 | D        | Found a viscous altar of Jiyva.
   102 | D        | Found a hazy altar of Hepliaklqana.
   102 | D        | Found an opulent altar of Gozag.
   103 | D        | Found a glowing golden altar of the Shining One.
   103 | D        | Found a glowing silver altar of Zin.
   103 | D        | Found a basalt altar of Yredelemnul.
   103 | D        | Found a shimmering altar of Xom.
   103 | D        | Found an ornate altar of the Wu Jian Council.
   103 | D        | Found a sacrificial altar of Ru.
   103 | D        | Found a stormy altar of Qazlal.
   103 | D        | Found an iron altar of Okawaru.
   103 | D        | Found a sparkling altar of Nemelex Xobeh.
   103 | D        | Found a burning altar of Makhleb.
   103 | D        | Found a blossoming altar of Fedhas.
   103 | D        | Found a white marble altar of Elyvilon.
   103 | D        | Found a shadowy altar of Dithmenos.
   103 | D        | Found a snail-covered altar of Cheibriados.
   105 | D        | Found a radiant altar of Vehumet.
   105 | D        | Found a corrupted altar of Lugonu.
   105 | D        | Found a roughly hewn altar of Beogh.
   140 | D        | Noticed a worker ant
   148 | D        | Killed a worker ant
   148 | D        | Reached skill level 4 in Axes
   148 | D        | Reached XP level 2. HP: 11/20 MP: 2/2
   148 | D        | Reached XP level 3. HP: 14/25 MP: 3/3
   150 | D        | Reached ** piety under Trog
   443 | D        | Reached *** piety under Trog
   448 | D        | Noticed Terence
   453 | D        | Reached skill level 5 in Fighting
   458 | D        | Killed Terence
   458 | D        | Reached skill level 5 in Axes
   458 | D        | Reached XP level 4. HP: 23/31 MP: 4/4
   611 | D        | Noticed a necrophage
   613 | D        | Reached **** piety under Trog
   620 | D        | Reached skill level 6 in Axes
   624 | D        | Killed a necrophage
   624 | D        | Reached ***** piety under Trog
   624 | D        | Reached skill level 7 in Axes
   624 | D        | Reached XP level 5. HP: 36/38 MP: 5/5
   626 | D        | Noticed a centaur
   642 | D        | Killed a centaur
   642 | D        | Reached skill level 8 in Axes
   642 | D        | Reached skill level 1 in Stealth
   642 | D        | Reached XP level 6. HP: 14/44 MP: 6/6
   902 | D        | Noticed a steam dragon
   906 | D        | Killed a steam dragon
   906 | D        | Reached skill level 9 in Axes
   906 | D        | Reached skill level 5 in Armour
   939 | D        | Noticed a floating eye
   939 | D        | Noticed Grinder
   939 | D        | Noticed a floating eye
   942 | D        | Killed a floating eye
   942 | D        | Reached XP level 7. HP: 51/51 MP: 7/7
   946 | D        | Reached skill level 10 in Axes
   963 | D        | Killed Grinder
   963 | D        | Reached skill level 10 in Fighting
   963 | D        | Reached skill level 11 in Axes
   963 | D        | Reached skill level 5 in Dodging
  1061 | D        | Noticed an elephant
  1081 | D        | Killed an elephant
  1081 | D        | Reached XP level 8. HP: 31/58 MP: 8/8
  1083 | D        | Reached ****** piety under Trog
  1372 | D        | Found a hide-covered altar of Uskayaw.
  1372 | D        | Found an ancient bone altar of Kikubaaqudgha.
  1372 | D        | Found a shattered altar of Ashenzari.
  1399 | D        | Noticed a freezing wraith
  1403 | D        | Reached skill level 12 in Axes
  1412 | D        | Killed a freezing wraith
  1412 | D        | Reached XP level 9. HP: 49/64 MP: 9/9
  1536 | D        | Noticed a deep troll
  1544 | D        | Killed a deep troll
  1544 | D        | Reached skill level 13 in Axes
  1544 | D        | Received a gift from Trog
  1785 | D        | Reached skill level 14 in Axes
  1843 | D        | Noticed Menkaure
  1850 | D        | Noticed a lindwurm
  1851 | D        | Noticed a spiny frog
  1851 | D        | Killed Menkaure
  1859 | D        | Killed a lindwurm
  1859 | D        | Reached XP level 10. HP: 17/72 MP: 10/10
  1859 | D        | Mangled by a shadow

Skill      XL: |  1  2  3  4  5  6  7  8  9 |
---------------+----------------------------+-----
Axes           | 4 5 7 8 9 11 12 14 | 14.5
Fighting       | 4 5 7 8 9 10 11 12 | 12.4
Dodging        | 2 3 4 5 6 |  6.4
Armour         | 3 4 5 7 8 9 |  9.8
Stealth        | 1 2 3 |  3.2

Action                   |  1- 3 |  4- 6 |  7- 9 | 10-12 || total
-------------------------+-------+-------+-------+-------++-------
Melee: Hand axe          |    31 |    34 |    49 |       ||   114
       Broad axe         |       |       |    17 |       ||    17
       Battleaxe         |       |       |    16 |       ||    16
Invok: Berserk           |     2 |     1 |     4 |       ||     7
  Eat: Chunk             |       |     3 |     2 |       ||     5
       Ration            |       |       |     1 |       ||     1
Armor: Animal skin       |     6 |       |       |       ||     6
       Chain mail        |       |    17 |    23 |       ||    40
       Ring mail         |       |       |    30 |       ||    30
Dodge: Dodged            |    20 |    22 |    53 |       ||    95
